 Dungeon Crawl Stone Soup version 0.21.0-3-g78d12a8 (webtiles) character file.

95 Faca the Skirmisher (level 4, 0/40 HPs)
             Began as a Minotaur Monk on Jan 11, 2018.
             Killed from afar by Natasha (5 damage)
             ... with a magic dart
             ... on level 2 of the Dungeon.
             The game lasted 00:01:46 (1043 turns).

Faca the Skirmisher (Minotaur Monk)                 Turns: 1043, Time: 00:01:47

Health: 0/40       AC:  6    Str: 16    XL:     4   Next: 40%
Magic:  3/3        EV: 12    Int:  7    God:
Gold:   61         SH:  0    Dex: 13    Spells: 3/3 levels left

rFire    . . .     SeeInvis .   a - +0 hand axe
rCold    . . .     Gourm    .   (no shield)
rNeg     . . .     Faith    .   k - +1 ring mail
rPois    .         Spirit   .   (helmet restricted)
rElec    .         Reflect  .   (no cloak)
rCorr    .         Harm     .   (no gloves)
MR       .....                  (no boots)
Stlth    +.........             (no amulet)
HPRegen  0.13/turn              j - -2 ring of slaying (curse)
MPRegen  0.08/turn              (no ring)

@: no status effects
A: retaliatory headbutt, horns 2
a: no special abilities


You were on level 2 of the Dungeon.
You were not hungry.

You visited 1 branch of the dungeon, and saw 2 of its levels.

You collected 61 gold pieces.

Inventory:

Hand Weapons
 a - a +0 hand axe (weapon)
Missiles
 d - 2 exploding tomahawks (quivered)
Armour
 k - a +1 ring mail (worn)
Jewellery
 j - a cursed -2 ring of slaying (left hand)
Scrolls
 b - a scroll of amnesia {unknown}
 e - a scroll of identify {unknown}
Potions
 f - 3 potions of agility {unknown}
 g - 2 potions of heal wounds {unknown}
 h - a potion of degeneration {unknown}
 i - a potion of lignification {unknown}
 l - a potion of curing {unknown}
Comestibles
 c - 3 rations


   Skills:
 + Level 4.3 Fighting
 + Level 4.2 Axes
 + Level 2.0 Armour
 + Level 3.9 Dodging
 + Level 2.3 Stealth


You had 3 spell levels left.
You didn't know any spells.

Dungeon Overview and Level Annotations

Branches:
Dungeon (2/15)

Altars:

Annotations:
D:2 Natasha


Innate Abilities, Weirdness & Mutations

You reflexively headbutt those who attack you in melee.
You have a pair of horns on your head.


Message History

Natasha claws you but does no damage.
You barely miss Natasha. You headbutt Natasha.
Natasha is moderately wounded.
Natasha claws you but does no damage.
You closely miss Natasha.
Natasha is moderately wounded.
Natasha closely misses you.
You closely miss Natasha.
Natasha is moderately wounded.
Natasha casts a spell at you. The magic dart hits you!
* * * LOW HITPOINT WARNING * * *
Your ring mail prevents you from hitting Natasha.
You headbutt Natasha!
Natasha is severely wounded.
Natasha howls an incantation.
You feel disoriented. Natasha casts a spell at you. The magic dart hits you!
You die...

....((.(...###..# ....>
.....#####.####.#######.....
.....# #...##.....).......
####.### ###...(#...........
#...# ####............<
###.# #.......>..... #.##
#...†......... #..####
##............
##....#####@...........
####.....##h..........
##................
##.†#......####.
##......#... ###.#..####.
#........
###########..###..#
##.....#............


You could see Natasha.

Vanquished Creatures
  Natasha (twice) (D:2)
  2 adders (D:2)
  A dart slug (D:1)
  A leopard gecko (D:1)
  2 bats
  2 giant cockroaches (D:1)
  4 goblins
  4 hobgoblins
  3 jackals (D:2)
  4 frilled lizards
  A kobold (D:1)
  3 rats
29 creatures vanquished.

Notes
Turn   | Place    | Note
-------+----------+-------------------------------------------
     0 | D:1      | Faca the Minotaur Monk began the quest for the Orb.
     0 | D:1      | Reached XP level 1. HP: 19/19 MP: 0/0
   159 | D:1      | Reached XP level 2. HP: 27/27 MP: 1/1
   429 | D:1      | Reached skill level 1 in Armour
   608 | D:2      | Reached XP level 3. HP: 24/33 MP: 2/2
   850 | D:2      | Noticed Natasha
   862 | D:2      | Killed Natasha
   862 | D:2      | Reached XP level 4. HP: 20/40 MP: 3/3
  1013 | D:2      | Noticed Natasha
  1026 | D:2      | Killed Natasha
  1032 | D:2      | Noticed Natasha
  1043 | D:2      | Killed from afar by Natasha

Skill      XL: |  1  2  3  4 |
---------------+-------------+-----
Armour         | 1 2 |  2.0
Fighting       | 4 |  4.3
Stealth        | 2 |  2.3
Axes           | 4 |  4.2
Dodging        | |  3.9

Action                   |  1- 3 |  4- 6 || total
-------------------------+-------+-------++-------
Melee: Hand axe          |    60 |    20 ||    80
       Headbutt          |    14 |     5 ||    19
  Use: Scroll            |     1 |       ||     1
 Stab: Distracted        |     1 |       ||     1
       Sleeping          |     2 |       ||     2
Armor: Robe              |     2 |       ||     2
       Ring mail         |    19 |     9 ||    28
Dodge: Dodged            |    40 |    13 ||    53
